Cogmind - Beta 13 @@@ ROGUE MODE // 2024.05.31 @ 22:57:16 Player: Heliostats Result: Destroyed by Q4-90A(R) with Subdweller Shrapnel Launcher Performance ------------- Evolutions (0) 0 Regions Visited (2) 400 Robots Destroyed (21) 105 Value Destroyed (479) 479 Prototype IDs (0) 0 Alien Tech Used (0) 0 Bonus (0) 0 TOTAL SCORE: 984 Bonus ------- None Cogmind --------- Core Integrity 0/250 Matter 295/300 Energy 100/100 System Corruption 2% Temperature Cool (0) Movement Core (50) Location -10/Subcaves Parts ------- > --- POWER (1) -------- (None) > --- PROPULSION (2) --- (None) > --- UTILITY (2) ------ Visual Processing Unit Utility Shielding > --- WEAPON (2) ------- (None) > --- INVENTORY (5) ---- Improved Heat Sink Structural Scanner Improved Terrain Scanner Seismic Detector Hacking Suite Peak State ------------ > --- POWER ------------ Light Nuclear Core > --- PROPULSION ------- Aluminum Leg Aluminum Leg > --- UTILITY ---------- Visual Processing Unit Utility Shielding > --- WEAPON ----------- Particle Gun Flamer > --- INVENTORY -------- Improved Heat Sink Structural Scanner Improved Terrain Scanner Seismic Detector Hacking Suite [Rating: 13] Favorites ----------- Power Light Ion Engine Engine Light Ion Engine Power Core Light Nuclear Core Propulsion Aluminum Leg Leg Aluminum Leg Utility Utility Shielding Device Structural Scanner Processor Visual Processing Unit Protection Utility Shielding Weapon Beam Cannon Energy Gun Particle Gun Energy Cannon Beam Cannon Ballistic Gun Light Assault Rifle Launcher Grenade Launcher Special Weapon Flamer Build | -11 -10 -10 ------- Run | Yrd Mat Sub Slots Evolved . | . . . Power . | . . . Propulsion . | . . . Utility . | . . . Weapon . | . . . Parts Attached 24 | 6 14 4 Power 3 | 1 2 . Engine 2 | 1 1 . Core 1 | . 1 . Reactor . | . . . Propulsion 6 | 2 4 . Treads . | . . . Leg 6 | 2 4 . Wheel . | . . . Hover . | . . . Flight . | . . . Utility 9 | 1 5 3 Device 5 | 1 2 2 Storage . | . . . Processor 1 | . 1 . Hackware . | . . . Protection 3 | . 2 1 Artifact . | . . . Weapon 6 | 2 3 1 Energy Gun 1 | . 1 . Energy Cannon 1 | . 1 . Ballistic Gun 2 | 2 . . Ballistic Cannon . | . . . Launcher 1 | . 1 . Special Weapon 1 | . . 1 Impact Weapon . | . . . Slashing Weapon . | . . . Piercing Weapon . | . . . Special Melee Weapon . | . . . Unidentified Prototypes . | . . . Parts Lost 9 | . 4 5 Power 2 | . 1 1 Propulsion 3 | . 1 2 Utility . | . . . Weapon 4 | . 2 2 Highest Loss Streak 4 | . 2 4 To Critical Strikes . | . . . Average Slot Usage (%) 88 | . 90 79 Engine 6 | . 7 . Core 6 | . 5 10 Leg 24 | . 24 23 Device 10 | . 12 . Processor 6 | . 4 14 Protection 10 | . 9 14 Energy Gun 5 | . 5 9 Energy Cannon 7 | . 9 . Ballistic Gun 2 | . 3 . Launcher 4 | . 5 . Special Weapon 1 | . . 7 Naked Turns . | . . . Heaviest Build 15 | 7 15 11 Greatest Support 20 | 20 20 20 Greatest Overweight (x) 1 | 1 . . Average Overweight (x) . | . . . Largest Inventory Capacity 5 | 5 5 5 Average Capacity 5 | 5 5 5 Most Carried 5 | 3 5 5 Average Carried 3 | . 3 5 Final Capacity 5 | 5 5 5 Final Carried 5 | 1 5 5 Class Distribution -------------------- 78% | Mutant 21% | Scavenger-Mutant Dominant Class ---------------- Mutant | -10/Materials Scavenger-Mutant | -10/Subcaves Resources | -11 -10 -10 ----------- Run | Yrd Mat Sub Matter Collected 487 | 224 238 25 Remotely . | . . . Salvage Created 575 | 21 511 43 Parts 49 | 5 40 4 Haulers Intercepted . | . . . Recyclers Shooed . | . . . Parts Field Recycled . | . . . Retrieved Matter . | . . . Parts Self-Destructed . | . . . Prevented . | . . . Kills | -11 -10 -10 ------- Run | Yrd Mat Sub Combat Hostiles Destroyed 13 | . 12 1 Guns 2 | . 1 1 Cannons 10 | . 10 . AOE 1 | . 1 . Classes Destroyed 8 | 1 6 1 Worker 2 | . 2 . Builder 2 | . 2 . Tunneler 1 | 1 . . Operator 1 | . 1 . Watcher 2 | . 2 . Swarmer 3 | . 3 . Grunt 9 | . 9 . Subdweller 1 | . . 1 Best Kill Streak 5 | 1 5 1 Combat Bots Only 4 | . 4 1 Max Kills in Single Turn 2 | 1 2 1 Gunslinging . | . . . Exploded 1 | . 1 . Melee . | . . . Uniques/NPCs Destroyed . | . . . Combat | -11 -10 -10 -------- Run | Yrd Mat Sub Hostile Shots Fired 82 | . 64 18 Missed 20 | . 13 7 Damage Taken 1151 | . 882 269 Core 275 | . 178 97 Absorbed by Shields . | . . . Core Remaining (%) 100 | 100 . . Volleys Fired 48 | 3 42 3 Largest 2 | 2 2 2 Hottest 165 | 40 90 165 Shots Fired 70 | 6 60 4 Gun 31 | 6 22 3 Cannon 33 | . 33 . Launcher 5 | . 5 . Special 1 | . . 1 Kinetic 18 | 6 12 . Thermal 47 | . 43 4 Explosive 5 | . 5 . Electromagnetic . | . . . Robot Hit Streak 10 | 5 8 10 Robot Miss Streak 4 | . 4 . Penetration Max . | . . . Secondary Targets . | . . . Shots Hit Robots 45 | 5 36 4 Core Hits 32 | 2 28 2 Critical Kills . | . . . Critical Parts Destroyed . | . . . Critical Strikes 1 | . 1 . Burn 1 | . 1 . Melee Attacks . | . . . Impact . | . . . Slashing . | . . . Piercing . | . . . Sneak Attacks . | . . . Combat Hostiles . | . . . Follow-up Attacks . | . . . Damage Inflicted 951 | 48 846 57 Guns 278 | 48 185 45 Cannons 384 | . 384 . Explosions 264 | . 264 . Melee . | . . . Ramming 13 | . 13 . Kinetic 124 | 48 76 . Thermal 550 | . 493 57 Explosive 264 | . 264 . Electromagnetic . | . . . Impact . | . . . Slashing . | . . . Piercing . | . . . Highest Corruption 2 | . 2 2 Average Corruption 1 | . 1 2 Corruption Purged . | . . . Corruption Blocked . | . . . Effects 14 | . 13 1 Message Errors 2 | . 2 . Matter Fused 5 | . 4 1 Heat Flow Errors 1 | . 1 . Energy Discharges 5 | . 5 . Misfires 1 | . 1 . Overload Shots . | . . . Overflow Damage . | . . . Projectiles . | . . . Explosions . | . . . Melee . | . . . Knockbacks . | . . . Impact . | . . . Kinetic . | . . . Secondary . | . . . Self-Inflicted Damage 55 | . 55 . Shots 3 | . 3 . Rammed . | . . . Targets Rammed 6 | . 6 . Kicked 6 | . 6 . Crushed . | . . . Highest Temperature 300 | . 300 30 Average Temperature 97 | . 100 15 Received Heat Transfer 282 | . 264 18 Effects 1 | . 1 . Interference 1 | . 1 . Siege Activations . | . . . Robots Corrupted . | . . . Combat Hostiles . | . . . Parts Fried . | . . . Impact Corruptions . | . . . Robots Melted . | . . . Combat Hostiles . | . . . Parts Melted 4 | . 2 2 Heat Transferred 1338 | . 1147 191 Parts Sabotaged . | . . . Parts Stolen . | . . . Parts Stripped . | . . . Power Chain Reactions . | . . . Alert | -11 -10 -10 ------- Run | Yrd Mat Sub Peak Influence 264 | 5 264 . Initial 3 | . 3 . Average 121 | 3 128 . Maximum Alert Level 1 | . 1 . Low Security (%) 85 | 100 84 . Level 1 14 | . 15 . Level 2 . | . . . Level 3 . | . . . Level 4 . | . . . Level 5 . | . . . High Security . | . . . Max Security . | . . . Squads Dispatched 2 | . 2 . Investigation . | . . . Extermination . | . . . Reinforcement 2 | . 2 . Assault . | . . . Garrison . | . . . Intercept . | . . . Searches Triggered . | . . . Construction Impeded . | . . . Haulers Reinforced . | . . . Active Scanning Responses . | . . . Cargo Convoy Interrupts . | . . . Stealth | -11 -10 -10 --------- Run | Yrd Mat Sub Distress Signals 2 | . 2 . Communications Jammed . | . . . Distress Signals . | . . . Times Spotted 28 | . 21 7 Peak Tracking Total 6 | . 6 4 Tactical Retreats 3 | . 2 1 Traps | -11 -10 -10 ------- Run | Yrd Mat Sub Traps Triggered 3 | . 3 . Indirectly . | . . . Trap Hack Attempts . | . . . Triggered . | . . . Disarmed . | . . . Reprogrammed . | . . . Reused . | . . . Traps Extracted . | . . . Installed . | . . . Triggered . | . . . Machines | -11 -10 -10 ---------- Run | Yrd Mat Sub Machines Disabled 1 | . 1 . Max in Single Turn 1 | . 1 . Machines Repaired . | . . . Machines Dismantled . | . . . Machines Sabotaged . | . . . Overloaded Fab Kills . | . . . Hacking | -11 -10 -10 --------- Run | Yrd Mat Sub Machines Accessed 7 | . 7 . Terminals 6 | . 6 . Fabricators . | . . . Repair Stations . | . . . Recycling Units 1 | . 1 . Scanalyzers . | . . . Garrison Access . | . . . Total Hacks 22 | . 22 . Successful 13 | . 13 . Failed 9 | . 9 . Catastrophic 1 | . 1 . Database Lockouts . | . . . Manual 1 | . 1 . Terminals 17 | . 17 . Fabricators . | . . . Repair Stations . | . . . Recycling Units 5 | . 5 . Scanalyzers . | . . . Garrison Access . | . . . Terminal Hacks 9 | . 9 . Robot Analysis 2 | . 2 . Branch Access Points 1 | . 1 . Emergency Access Points 1 | . 1 . Terminal Index 1 | . 1 . Alert Level 1 | . 1 . Locate Traps 1 | . 1 . Dispatch Records 1 | . 1 . Hauler Manifests 1 | . 1 . Fabricator Hacks . | . . . Repair Station Hacks . | . . . Recycling Unit Hacks 4 | . 4 . Process 1 | . 1 . Report Inventory 1 | . 1 . Retrieve Matter 1 | . 1 . Retrieve Components 1 | . 1 . Scanalyzer . | . . . Garrison Access Hacks . | . . . Unauthorized Hacks . | . . . Terminals . | . . . Fabricators . | . . . Repair Stations . | . . . Recycling Units . | . . . Scanalyzers . | . . . Garrison Access . | . . . Data Cores Recovered . | . . . Used . | . . . Hacking Detections 6 | . 6 . Full Trace Events 3 | . 3 . Feedback Events 1 | . 1 . Corruption 1 | . 1 . Feedback Blocked . | . . . Robot Schematics Acquired . | . . . Robots Built . | . . . Authchips . | . . . Time . | . . . Total Robot Build Rating . | . . . Part Schematics Acquired . | . . . Parts Built . | . . . Authchips . | . . . Time . | . . . Total Part Build Rating . | . . . Parts Repaired . | . . . Time . | . . . Parts Recycled . | . . . Recycled Matter 3 | . 3 . Retrieved Matter 3 | . 3 . Retrieved Components . | . . . Parts Scanalyzed . | . . . Part Schematics Acquired . | . . . Parts Damaged . | . . . Bothacking | -11 -10 -10 ------------ Run | Yrd Mat Sub Used RIF Installer . | . . . Robots Hacked . | . . . Non-combat . | . . . Combat . | . . . Robot Hacks Applied . | . . . Relay Couplers Released . | . . . Fabnet Peak Effective % . | . . . Robots Rewired . | . . . Allies Hacked . | . . . Hacks Repelled . | . . . Allies | -11 -10 -10 -------- Run | Yrd Mat Sub Total Allies . | . . . Largest Group . | . . . Highest-Rated Group . | . . . Highest-Rated Ally . | . . . Total Orders . | . . . Ally Attacks . | . . . Total Damage . | . . . Kills . | . . . Allies Corrupted . | . . . Allies Melted . | . . . Intel | -11 -10 -10 ------- Run | Yrd Mat Sub Robot Analysis Total 2 | . 2 . Derelict Logs Recovered 1 | . . 1 Drone Launches . | . . . Drone Recoveries . | . . . Exploration | -11 -10 -10 ------------- Run | Yrd Mat Sub Turns Passed 1500 | 68 1172 260 Spaces Moved 1062 | 48 813 201 Core 17 | 17 . . Treads . | . . . Legs 1045 | 31 813 201 Wheels . | . . . Hover . | . . . Flight . | . . . Fastest Speed 50 | 50 120 120 Average Speed 119 | 99 120 120 Slowest Speed 120 | 120 120 120 Overloaded Moves . | . . . Propulsion Burnouts . | . . . Robots Hopped . | . . . Cave-ins Triggered . | . . . Exploration Rate (%) 40 | 3 99 18 Regions Visited 2 Branch Regions 1 Pre-discovered Areas . | . . . Known Exits Taken . | . . . Unknown Exits Taken 2 | 1 1 . Scrap Searched 1 | . . 1 Spaces Dug . | . . . Terrain Destroyed 41 | . 41 . Melee . | . . . Projectile . | . . . AOE 41 | . 41 . Terrain Rammed . | . . . Walls Destroyed . | . . . Machines Disabled . | . . . Actions | -11 -10 -10 --------- Run | Yrd Mat Sub Total 1228 | 63 952 213 Wait 58 | . 53 5 Move 1060 | 47 812 201 Hop . | . . . Pick Up 21 | 7 14 . Fast Attach 3 | . 2 1 Attach 8 | 6 2 . Detach . | . . . Swap 13 | . 10 3 Drop 11 | . 11 . Fire 48 | 3 42 3 Melee . | . . . Ram . | . . . Kick 6 | . 6 . Crush . | . . . Escape Stasis . | . . . Rewire . | . . . Trap . | . . . Miscellaneous . | . . . Route ------- -11/Scrapyard -10/Materials (discovered 6 exits: [*Mat x3] / *Min x2 / [*Sub]) -10/Subcaves History --------- Turn | Location | Event 3 | -11/Scrapyard | Discovered new exit (range 15) 69 | -11/Scrapyard | Entered Materials 349 | -10/Materials | Discovered new exit (range 11) 359 | -10/Materials | Build established: Mutant 465 | -10/Materials | Identified exit to Mines 863 | -10/Materials | Discovered new exit (range 17) 876 | -10/Materials | Core integrity fell below 50% 986 | -10/Materials | Discovered new exit (range 4) 1231 | -10/Materials | Discovered new exit (range 5) 1241 | -10/Materials | Entered Subcaves 1436 | -10/Subcaves | Core integrity fell below 20% 1457 | -10/Subcaves | Learned Materials stockpile data 1464 | -10/Subcaves | Lost 4 parts (1p1n2w) 1491 | -10/Subcaves | A Subdweller sparked back to life 1491 | -10/Subcaves | A Subdweller sparked back to life 1491 | -10/Subcaves | A Subdweller sparked back to life 1501 | -10/Subcaves | Destroyed by Q4-90A(R) with Subdweller Shrapnel Launcher Last Messages --------------- 01416_ Sub. Power Source melted. 01416_ Sub. Optics melted. 01416_ V1-QGM(R) destroyed. 01417_ Aluminum Leg destroyed. 01419_ Particle Gun destroyed. 01420_ Acquired 15 matter. 01422_ L1-62E(R) affixes Scrap Shield Fragment to Scrap Shield. 01430_ Subatomizers dissect the Sub. Monowheel. 01433_ Lgt. Nuclear Core destroyed. 01457_ Acquired derelict log, extracted data. Data stored: Materials stockpile data. 01470_ System corrupted: Matter fused (-10). 01491_ VM-0NP(R) creaks and sparks as it begins to move. 01491_ Q4-90A(R) creaks and sparks as it begins to move. 01491_ GJ-43P(R) creaks and sparks as it begins to move. 01501_ Aluminum Leg destroyed. Map ----- +----------------------------------------------------+ | ?????????????????????????????????????????????????? | | ?????????????????????????????????????????????????? | | ?????????????????????????????????????????????????? | | ?????????????????????????????????????????????????? | | ?????????????????????????????????????????????????? | | ?????????????????????????????????????????????????? | | ?????????????????????????????????????????????????? | | ?????????????????????????????????????????????????? | | ?????????????????????????????????????????????????? | | ?????????????????????????????????????????????????? | | ???????????????????#?????????????????????????????? | | ???????????????????# ????????????????????????????? | | ???????????????????# ????????????????????????????? | | ??????????????????## ????????????????????????????? | | ??????????????????? ???????????????????????????? | | ???????????????????# ???????????????????????????? | | ???????????????????# ??????????????????????????? | | ??????????????????## ??????????????????????????? | | ??????????????????# ??????????????????????????? | | ??????????????##?## ????#####????????????????? | | ??????????????# #< ????# ###?????# #???? | | ??????????????# #???# ###### #???? | | ??????????????# ##?# #???? | | ????????????????# < #?# #???? | | ??????????????????#< ### #????? | | ??????????????????# @ ## #??# ##???? | | ??????????????????## ##? & #???? | | ?????????????????### #? " ?????? | | ?????????????????# ## "#??????? | | ?????????????????# ##" "##?????? | | ???????????????# ### ### " & " #?????? | | ???????????????# #?# ### "" #?????? | | ???????????????# ##?# # " #??????? | | ?????###???????# #### ???## R "#???????? | | ????## ##???? ???# ???# ##???????? | | ???## #???s ????###???## #### ##????????? | | ???# ####s ????????????## # #?????????? | | ???# ## #" ?????????????## ##?????????? | | ???# #" ????????????### # #?????????? | | ???? #??????????????# #### ##?????????? | | ##???# #??????????????# ##? #??????????? | | #???# ###?????????##### ## #?????#????? | | #????# ##????????# ## #??? #????? | | ###### #?????#### ### ## #????? | | ## ##??#### ## #### #????? | | #??## ## ## ##????? | | # ##?# ## ####?????? | | # ## ### ##????????? | | ## ### ### ####?????????? | | ?# ## #?######????????????? | +----------------------------------------------------+ Best States ------------- Heat Dissipation 25 Energy Generation 14 Energy Capacity 160 Matter Stores 300 Matter Capacity 300 Sight Range 18 Terrain Scan Range 16 Terrain Scan Density 10 Armor Coverage 150 Utility Shielding 33 Evasion (%) 55 Item Schematics ----------------- None Robot Schematics ------------------ None Fabricated ------------ Nothing Alien Tech Used ----------------- None Achievements -------------- None Challenges ------------ None Game ------ Seed Shnookums Manual? 1 Play Time 00:18:16 Cumulative 14.7 hours Start 2024.05.31 @ 22:39:46 End 2024.05.31 @ 22:57:16 Sessions 1 Manual Loads 0 Difficulty Rogue Special Mode None Game No. 23 Rogue 11 Adventurer 12 Explorer 0 Win Type - Total 0 Types 0/0/0/0/0/0/0/0/0 Lore% 18 Gallery% 20 Achievement% 15 Wizard Run 0 Options --------- Layout 1 ASCII 0 Keyboard 0 Movement Mouse Keybinds 0 Fullscreen 2 Font 24/Smallcaps Map View 50x35 Zoom Use 0% Tactical HUD 1 Map Filters NONE Filters NONE Steam 1 RUN: 779c4eb2-e0ec-4512-8afb-09f1453e256b